 Dungeon Crawl Stone Soup version 0.29.1-1-gd02db6906a (webtiles) character file.

Game seed: 2493014661475634665

1890 funkygono the Magician (level 9, -11/46 HPs)
             Began as a Gargoyle Fire Elementalist on Sept 16, 2022.
             Was a Follower of Vehumet.
             Mangled by an orc knight
             ... wielding a +0 war axe
              (13 damage)
             ... in a bailey.
             The game lasted 00:15:34 (8839 turns).

funkygono the Magician (Gargoyle Fire Elementalist) Turns: 8839, Time: 00:15:34

Health: -11/46     AC: 14    Str: 14    XL:     9   Next: 15%
Magic:  15/19      EV: 12    Int: 28    God:    Vehumet [*.....]
Gold:   39         SH:  5    Dex: 10    Spells: 8/22 levels left

rFire   . . .      SeeInvis .   z - +9 quarterstaff of Sufficient Absolution {freeze, Will+ Str+3 Int+4}
rCold   . . .      Faith    .   (shield currently unavailable)
rNeg    + . .      Spirit   .   a - +0 robe
rPois   ∞          Reflect  +   x - +2 helmet {Int+3}
rElec   +          Harm     .   (no cloak)
rCorr   .          Rampage  .   (no gloves)
Will    +....                   n - +2 pair of boots
Stlth   ++........              r - amulet of reflection
HPRegen 0.15/turn               (no ring)
MPRegen 0.16/turn               (no ring)

@: no status effects
A: sickness immunity, AC +6, negative energy resistance 1, electricity
resistance, torment resistance 1, petrification resistance
a: Renounce Religion


You were in a bailey.
You worshipped Vehumet.
Vehumet was aware of your devotion.
You visited 2 branches of the dungeon, and saw 8 of its levels.
You also visited: Ossuary and Bailey.

You collected 421 gold pieces.
You spent 382 gold pieces at shops.

Inventory:

Hand Weapons
 j - a +2 whip of electrocution
 m - a +0 mace
 z - the +9 quarterstaff of Sufficient Absolution (weapon) {freeze, Will+ Str+3 Int+4}
   (You took it off an orc in a bailey)

   It freezes those it strikes, dealing additional cold damage.
   It can also slow down cold-blooded creatures.
   Str:       It affects your strength (+3).
   Int:       It affects your intelligence (+4).
   Will:      It increases your willpower.
 A - a +1 vorpal flail
Armour
 a - a +0 robe (worn)
 n - a +2 pair of boots (worn)
 s - a +2 hat
 x - a +2 helmet of intelligence (worn)
 B - a +0 pair of boots of flying
Jewellery
 r - an amulet of reflection (around neck)
Wands
 c - a wand of mindburst (10)
 v - a wand of iceblast (11)
Scrolls
 e - 2 scrolls of teleportation
 g - a scroll of blinking
 t - a scroll of magic mapping {unknown}
 u - a scroll of torment {unknown}
 w - a scroll of summoning {unknown}
 y - a scroll of acquirement {unknown}
Potions
 b - a potion of magic
 d - 5 potions of flight
 f - 2 potions of heal wounds {unknown}
 h - a potion of haste
 i - 5 potions of lignification
 k - a potion of mutation {unknown}
 l - 2 potions of attraction
 o - 3 potions of might
 p - 3 potions of brilliance {unknown}
 q - a potion of curing {unknown}


   Skills:
 + Level 0.9 Fighting
 + Level 1.7 Maces & Flails
 + Level 2.2 Dodging
 - Level 2.1 Stealth
 + Level 0.7 Shields
 + Level 7.1 Spellcasting
 + Level 5.7 Conjurations
 + Level 7.0 Fire Magic


You had 8 spell levels left.
You knew the following spells:

 Your Spells              Type           Power      Damage    Failure   Level
a - Foxfire               Conj/Fire      100%       2x1d9     1%          1
b - Scorch                Fire           98%        2d10      1%          2
c - Conjure Flame         Conj/Fire      45%        6-21      1%          3
d - Flame Wave            Conj/Fire      45%        2d12      4%          4
e - Sandblast             Erth           18%        2d7       5%          1
f - Stone Arrow           Conj/Erth      52%        3d10      4%          3

Your spell library contained the following spells:

 Spells                   Type           Power      Damage    Failure   Level
 Freeze                   Ice            36%        1d6       5%          1
 Magic Dart               Conj           100%       1d8       1%          1
 Inner Flame              Hex/Fire       29%        N/A       3%          3
 Ignite Poison            Fire/Tmut/Pois 23%        N/A       6%          3
 Mephitic Cloud           Conj/Pois/Air  20%        N/A       8%          3
 Call Imp                 Summ           9%         N/A       9%          2
 Passwall                 Tmut/Erth      7%         N/A       9%          2
 Call Canine Familiar     Summ           9%         N/A       16%         3
 Portal Projectile        Hex/Tloc       18%        N/A       16%         3
 Leda's Liquefaction      Hex/Erth       4%         N/A       47%         4
 Freezing Cloud           Conj/Ice/Air   10%        6-21      56%         5
 Malign Gateway           Summ/Tloc      4%         N/A       100%        7
 Summon Horrible Things   Summ           4%         N/A       100%        8


Dungeon Overview and Level Annotations

Branches:
Dungeon (7/15)             Temple (1/1) D:6         Ossuary (visited)
 Bailey (1/1)

Altars:
Ashenzari
Cheibriados
Dithmenos
Elyvilon
Fedhas
Gozag
Hepliaklqana
Kikubaaqudgha
Makhleb
Nemelex Xobeh
Okawaru
Qazlal
Ru
Sif Muna
Vehumet
Wu Jian
Xom
Yredelemnul
Zin
The Shining One

Shops:
D:3 (   D:4 **:??

Annotations:
D:5 3 runed translucent doors, Ashen's ghost, novice DsIE


Innate Abilities, Weirdness & Mutations

You are immune to sickness and miasma.
Your stone body is resilient. (AC +6)
You are immune to poison.
You resist negative energy. (rN+)
You are resistant to electric shocks. (rElec)
You are resistant to unholy torment.
You are immune to petrification.


Message History

The orc knight is severely wounded.
Unknown command.
Casting: Scorch (safe; 1% risk of failure)
Confirm with . or Enter, or press ? or * to list all spells.
Flames lash the orc knight.
The orc knight is burned terribly!
The orc knight is severely wounded.
Unknown command.
Casting: Scorch (safe; 1% risk of failure)
Confirm with . or Enter, or press ? or * to list all spells.
Flames lash the orc knight but do no damage.
The orc knight hits you with a +0 war axe!
Unknown command.
Casting: Scorch (safe; 1% risk of failure)
Confirm with . or Enter, or press ? or * to list all spells.
Flames lash the orc knight but do no damage.
The orc knight hits you with a +0 war axe!
Unknown command.
Casting: Scorch (safe; 1% risk of failure)
Confirm with . or Enter, or press ? or * to list all spells.
Flames lash the orc knight but do no damage.
The orc knight hits you with a +0 war axe!!
* * * LOW HITPOINT WARNING * * *
Unknown command.
You hit the orc knight. You freeze the orc knight.
The orc knight is almost dead.
The orc knight closely misses you. Magic courses through your body.
You block the orc knight's attack.
Unknown command.
Casting: Scorch (safe; 1% risk of failure)
Confirm with . or Enter, or press ? or * to list all spells.
Flames lash the orc knight.
The orc knight is burned terribly!
The orc knight is almost dead.
The orc knight hits you with a +0 war axe.
* * * LOW HITPOINT WARNING * * *
Unknown command.
Casting: Scorch (safe; 1% risk of failure)
Confirm with . or Enter, or press ? or * to list all spells.
Flames lash the orc knight but do no damage.
The orc knight hits you with a +0 war axe!
You die...

≈## #.......####(≈≈)≈≈≈≈≈≈≈#
#..####'####).#.....~≈≈≈≈≈≈≈
#...^....)(.[.###.)....#####
'..####'####).#.'.....###
.... #).###.......## #......
#..#....⌠.....#
#.......##'#.........##
..#########..[........##
............o@.....####
######.############# #. .#
##


You could see an orc knight (combustible).

Vanquished Creatures
  A water moccasin (D:7)
  An ice beast (D:6)
  5 orc warriors (Bailey)
  A black bear (D:5)
  A centaur (D:5)
  An elf zombie (Ossuary)
  2 phantoms
  3 scorpions
  A necrophage (D:5)
  A howler monkey (D:6)
  A jelly (D:3)
  A human zombie (Ossuary)
  3 orc priests
  3 orc wizards
  A hound zombie (Ossuary)
  3 mummies (Ossuary)
  7 gnolls
  6 adders
  2 white imps (D:6)
  2 adder zombies (Ossuary)
  A worm (D:4)
  2 dart slugs (D:4)
  22 orcs
  4 ball pythons
  3 bats
  10 endoplasms
  5 giant cockroaches
  3 gnoll zombies (Ossuary)
  16 goblins
  6 hobgoblins
  8 jackals
  A quokka (D:5)
  2 frilled lizards
  6 goblin zombies (Ossuary)
  3 hobgoblin zombies (Ossuary)
  3 jackal zombies (Ossuary)
  18 kobolds
  2 kobold zombies (Ossuary)
  4 orc zombies (Ossuary)
  3 quokka zombies (Ossuary)
  5 rats
  4 rat zombies (Ossuary)
177 creatures vanquished.

Vanquished Creatures (others)
  615 foxfires
615 creatures vanquished.

Grand Total: 792 creatures vanquished

Notes
Turn   | Place    | Note
-------+----------+-------------------------------------------
     0 | D:1      | funkygono the Gargoyle Fire Elementalist began the quest
                  | for the Orb.
     0 | D:1      | Reached XP level 1. HP: 10/10 MP: 3/3
   179 | D:1      | Reached XP level 2. HP: 15/15 MP: 3/5
   402 | D:1      | Learned a level 2 spell: Scorch
   960 | D:1      | Reached XP level 3. HP: 19/19 MP: 4/6
   964 | D:1      | Learned a level 3 spell: Conjure Flame
  1112 | D:2      | Found a faded altar of an unknown god.
  1948 | D:3      | Reached XP level 4. HP: 24/24 MP: 4/7
  2216 | D:3      | Reached XP level 5. HP: 3/28 MP: 2/9
  2493 | D:3      | Learned a level 4 spell: Flame Wave
  2688 | D:3      | Found Offened's Antique Weapon Shoppe.
  3319 | D:4      | Found Fohuig Tontu's General Store.
  3363 | D:4      | Reached XP level 6. HP: 30/32 MP: 4/11
  3455 | D:4      | Found a sand-covered staircase.
  3474 | Ossuary  | Entered an ossuary
  4066 | Ossuary  | Reached skill level 1 in Maces & Flails
  4542 | Ossuary  | Reached skill level 5 in Fire Magic
  4698 | D:4      | Reached XP level 7. HP: 36/36 MP: 7/13
  4870 | D:4      | Found Kedweoro's Magic Scroll Boutique.
  4878 | D:4      | Bought a scroll of enchant armour for 105 gold pieces
  4903 | D:4      | Found Qoczol's Magic Scroll Shoppe.
  4913 | D:4      | Bought a scroll of enchant armour for 97 gold pieces
  4966 | D:4      | Found Lilup's Book Shop.
  5331 | D:4      | Found Xecuen's General Store.
  5484 | D:5      | Entered Level 5 of the Dungeon
  5533 | D:5      | Found a runed translucent gate.
  5533 | D:5      | Found a runed translucent gate.
  5533 | D:5      | Noticed Ashen's ghost (novice DsIE)
  5534 | D:5      | Found a runed translucent gate.
  6085 | D:5      | Reached skill level 5 in Spellcasting
  6085 | D:5      | Reached XP level 8. HP: 42/42 MP: 10/15
  6862 | D:6      | Found a staircase to the Ecumenical Temple.
  6874 | Temple   | Entered the Ecumenical Temple
  6908 | Temple   | Became a worshipper of Vehumet
  7679 | D:4      | Bought a book of Geomancy for 180 gold pieces
  7681 | D:4      | Learned a level 1 spell: Sandblast
  7685 | D:4      | Learned a level 3 spell: Stone Arrow
  7737 | D:7      | Noticed a wyvern
  7738 | D:7      | Reached skill level 5 in Conjurations
  8018 | D:7      | Found a flagged portal.
  8027 | Bailey   | Entered a bailey
  8089 | Bailey   | Noticed an orc knight
  8118 | Bailey   | Identified the +9 quarterstaff of Sufficient Absolution
                  | {freeze, Will+ Str+3 Int+4}
  8304 | Bailey   | Reached XP level 9. HP: 46/46 MP: 10/19
  8402 | Bailey   | Reached * piety under Vehumet
  8402 | Bailey   | Offered knowledge of Freeze by Vehumet.
  8838 | Bailey   | HP: 2/46 [orc knight/+0 war axe (4)]
  8839 | Bailey   | Mangled by an orc knight

Illustrated notes

Levels and vault maps discovered:
D:1:      grunt_arrival_lava_bath, layout_loops_ring,
          amcnicky_mini_corridor_feature, minmay_domino_4
D:2:      layout_basic, ebering_ecumenical_altar_ruins
D:3:      layout_basic, serial_shops, nicolae_shop_stone
D:4:      layout_loops_cross, nicolae_ossuary_entry_ruins, serial_shops, shop,
          nicolae_shop_behind_doors, nicolae_square_shop,
          nicolae_shop_statue_plus, shop, grunt_ministairs_10
D:5:      layout_loops_ring, gammafunk_ghost_split
D:6:      layout_basic, temple_statues
D:7:      layout_layer_cave, amcnicky_altar_gilded, serial_rivers,
          chequers_serial_rivers_small_3, chequers_serial_rivers_micro_d,
          chequers_serial_rivers_small_3, chequers_serial_rivers_micro_c,
          chequers_serial_rivers_micro_a, enter_bailey_3, serial_shops, shop,
          grunt_ministairs_10, uniq_duvessa
Temple:   nicolae_temple_bog_church
Bailey:   bailey_axe_4, bailey

Skill      XL: |  1  2  3  4  5  6  7  8  9 |
---------------+----------------------------+-----
Dodging        | 2 |  2.2
Fire Magic     | 4 5 6 7 |  7.0
Spellcasting   | 3 4 5 6 7 |  7.1
Conjurations   | 2 3 4 5 |  5.7
Maces & Flails | 1 |  1.7
Fighting       | |  0.9
Stealth        | |  2.1
Shields        | |  0.7

Action                   |  1- 3 |  4- 6 |  7- 9 || total
-------------------------+-------+-------+-------++-------
Melee: Unarmed           |     2 |       |       ||     2
       Club              |    16 |       |       ||    16
       Mace              |       |    25 |     5 ||    30
       Whip              |       |       |     8 ||     8
       Quarterstaff      |       |       |     3 ||     3
 Cast: Foxfire           |    58 |   140 |   153 ||   351
       Scorch            |       |    17 |    21 ||    38
       Flame Wave        |       |       |     3 ||     3
  Use: Scroll            |       |     8 |     4 ||    12
       Potion            |       |       |     1 ||     1
Armor: Robe              |    19 |    14 |    10 ||    43
Dodge: Dodged            |    33 |    25 |    18 ||    76
Block: Other             |       |       |    10 ||    10
       Reflection        |       |       |     1 ||     1
